 Dungeon Crawl Stone Soup version 0.17-a0-1667-g4ca74a1 (webtiles) character file.

139 KINGKRU the Shield-Bearer (level 5, -5/41 HPs)
             Began as a Vampire Fighter on Aug 17, 2015.
             Killed by nerve-wracking pain
             ... invoked by an orc priest
              (14 damage)
             ... on level 3 of the Dungeon.
             The game lasted 00:12:57 (2023 turns).

KINGKRU the Shield-Bearer (Vampire Fighter)         Turns: 2023, Time: 00:12:57

Health: -5/41      AC:  6    Str: 15    XL:     5   Next: 1%
Magic:  5/5        EV:  7    Int: 10    God:
Gold:   126        SH:  9    Dex: 15    Spells: 0 memorised, 4 levels left

rFire  . . .     SeeInvis +     a - +0 long sword
rCold  . . .     Clarity  .     b - +0 scale mail
rNeg   + . .     SustAt   .     c - +0 shield
rPois  .         Gourm    .     (no helmet)
rElec  .         Spirit   .     (no cloak)
rCorr  .         Warding  .     (no gloves)
rMut   .         Stasis   .     (no boots)
MR     .....                    (no amulet)
Stlth  ..........               (no ring)
                                (no ring)

@: not resistant to hostile enchantments, extremely unstealthy
A: fangs 3, see invisible, unbreathing
a: Bat Form


You were on level 3 of the Dungeon.
You were not thirsty.

You visited 1 branch of the dungeon, and saw 3 of its levels.

You collected 126 gold pieces.

Inventory:

Hand weapons
 a - a +0 long sword (weapon)
Armour
 b - a +0 scale mail (worn)
 c - a +0 shield (worn)
Scrolls
 g - a scroll of identify
 j - a scroll of remove curse
 k - a scroll of fog
 l - a scroll of amnesia
Potions
 d - a potion of degeneration {unknown}
 e - a potion of blood
 f - a potion of cancellation {unknown}


   Skills:
 + Level 3.1 Fighting
 + Level 2.8 Long Blades
 + Level 3.0 Armour
 + Level 1.8 Dodging
 + Level 3.6 Shields


You had 4 spell levels left.
You didn't know any spells.

Dungeon Overview and Level Annotations

Branches:
Dungeon (3/15)

Altars:


Innate Abilities, Weirdness & Mutations

You have razor-sharp teeth.
You have supernaturally acute eyesight.
You can survive without breathing.


Message History

* * * LOW HITPOINT WARNING * * *
You block the orc's attack.
Something hits the bush but does no damage.
Something hits the bush but does no damage.
The orc priest hits the plant but does no damage.
You slash the orc!
You kill the orc!
Something hits the bush but does no damage.
The bush looks even sicker.
The orc priest mumbles some strange prayers to Beogh against you.
Pain shoots through your body!
* * * LOW HITPOINT WARNING * * *
You hit the orc priest but do no damage.
Something hits the bush but does no damage.
The orc priest miscasts a cantrip.
Something hits the bush but does no damage.
You barely miss the orc priest.
The orc priest invokes the aid of Beogh against you.
Pain shoots through your body!
You die...

.# .. .### #..##
.P..# #.# #.♣..## #.
#.P♣.o.#
##.###.PP♣.P.#
#.......♣♣@o.#
#.#....♣♣P♣..#####.
##...PP♣♣.♣.........#
#...P..♣P.P....######
#...................
##<.#.#....###.#####
#.........# .#
#.##...##.# .#
#.##..###..# .#


You could see 2 orc priests.

Vanquished Creatures
  4 gnolls (D:2)
  4 adders
  2 oozes
  A worm (D:2)
  3 orcs (D:3)
  7 bats
  2 giant cockroaches (D:1)
  5 goblins
  5 hobgoblins
  6 jackals
  3 quokkas (D:2)
  A giant gecko (D:1)
  2 giant newts (D:2)
  3 kobolds
  8 rats
56 creatures vanquished.

Notes
Turn   | Place    | Note
--------------------------------------------------------------
     0 | D:1      | KINGKRU the Vampire Fighter began the quest for the Orb.
     0 | D:1      | Reached XP level 1. HP: 17/17 MP: 1/1
    54 | D:1      | Reached skill level 3 in Shields
    54 | D:1      | Reached XP level 2. HP: 23/23 MP: 2/2
   782 | D:1      | Reached XP level 3. HP: 27/29 MP: 3/3
  1194 | D:2      | Reached skill level 1 in Dodging
  1249 | D:2      | Reached XP level 4. HP: 8/35 MP: 4/4
  2004 | D:3      | Reached XP level 5. HP: 39/41 MP: 5/5
  2023 | D:3      | Killed from afar by an orc priest

Vault maps used:
D:1:      minmay_arrival_radiant_lines, minmay_door_square,
          minmay_misc_feat_enclosed
D:2:      uniq_jessica
D:3:      serial_forest, infiniplex_forest_straight_4,
          infiniplex_forest_zigzag_1, infiniplex_forest_lined_corner,
          infiniplex_forest_clump_curved, infiniplex_forest_clump_long,
          infiniplex_forest_clump_tiny, nicolae_ru_awakened_eye, uniq_grinder

Action                   |  1- 3 |  4- 6 || total
-------------------------+-------+-------++-------
Melee: Long sword        |   104 |    71 ||   175
 Abil: End Transformatio |     1 |       ||     1
       Bat Form          |     1 |       ||     1
  Use: Scroll            |     2 |     4 ||     6
       Potion            |       |     1 ||     1
  Eat: Corpse            |       |     4 ||     4
